 Dungeon Crawl Stone Soup version 0.29.0-4-gdea44cf6ec (webtiles) character file.

Game seed: 10580453228469568646

28295 qw the Severer (level 13, -2/86 HPs)
             Began as a Gargoyle Berserker on Sept 8, 2022.
             Was an Elder of Trog.
             Slain by a death yak (14 damage)
             ... on level 3 of the Lair of Beasts.
             The game lasted 00:04:58 (14971 turns).

qw the Severer (Gargoyle Berserker)                Turns: 14971, Time: 00:04:58

Health: -2/86      AC: 29    Str: 27    XL:     13   Next: 37%
Magic:  13/13      EV:  8    Int:  7    God:    Trog [****..]
Gold:   488        SH:  0    Dex:  9    Spells: 12/12 levels left

rFire   . . .      SeeInvis +   Y - +3 broad axe (freeze)
rCold   . . .      Faith    .   (no shield)
rNeg    + . .      Spirit   .   b - +0 plate armour
rPois   inf        Reflect  .   k - +2 helmet
rElec   +          Harm     .   a - +0 cloak
rCorr   .          Rampage  .   (no gloves)
Will    .....                   (no boots)
Stlth   ..........              c - amulet of regeneration
HPRegen 1.04/turn               l - +4 ring of slaying {mikee}
MPRegen 0.13/turn               s - ring of see invisible

@: on berserk cooldown, slowed, very slow
A: sickness immunity, AC +9, negative energy resistance 1, electricity
resistance, torment resistance 1, petrification resistance
a: Renounce Religion, Berserk, Trog's Hand, Brothers in Arms


You were on level 3 of the Lair of Beasts.
You worshipped Trog.
Trog was greatly pleased with you.
You visited 2 branches of the dungeon, and saw 13 of its levels.
You also visited: Ossuary.

You collected 1040 gold pieces.
You spent 552 gold pieces at shops.


Innate Abilities, Weirdness & Mutations

You are immune to sickness and miasma.
Your stone body is resilient. (AC +9)
You are immune to poison.
You resist negative energy. (rN+)
You are resistant to electric shocks. (rElec)
You are resistant to unholy torment.
You are immune to petrification.


   Skills:
 - Level 12.0 Fighting
 + Level 15.4 Axes
 - Level 5.0 Throwing
 - Level 10.0 Armour
 - Level 2.4 Dodging


You had 12 spell levels left.
You didn't know any spells.
Your spell library was empty.

Inventory:

Hand Weapons
 e - a +5 morningstar
 Y - a +3 broad axe of freezing (weapon)
Missiles
 f - 3 javelins (quivered)
Armour
 a - a +0 cloak (worn)
 b - a +0 plate armour (worn)
 k - a +2 helmet (worn)
Jewellery
 c - an amulet of regeneration (around neck)
 l - a +4 ring of slaying (left hand) {mikee}
 q - a +6 ring of strength
 s - a ring of see invisible (right hand)
Scrolls
 h - 8 scrolls of identify
 i - a scroll of poison {unknown}
 m - 6 scrolls of teleportation
 t - a scroll of silence {unknown}
Potions
 d - 12 potions of curing
 g - 3 potions of heal wounds
 j - 2 potions of mutation
 n - 9 potions of haste
 o - 4 potions of cancellation
 p - a potion of resistance
 r - 5 potions of might

Dungeon Overview and Level Annotations

Branches:
Dungeon (10/15)            Temple (0/1) D:7            Lair (3/5) D:10
 Shoals (0/4) Lair:2        Snake (0/4) Lair:3      Ossuary (visited)
    Orc: D:9-12

Altars:
Ashenzari
Gozag
Wu Jian

Shops:
D:9 !   D:10 !

Annotations:
D:5 3 runed translucent doors, Crazy Yiuf; qw's ghost, novice MiFi
D:6 2 transporters


Message History

You slice the torpor snail!! You freeze the torpor snail!
The torpor snail is severely wounded.
You slice the black mamba!!
The black mamba seems to slow down.
You freeze the black mamba. You slice the death yak!! You freeze the death yak.
The black mamba bites you.
The torpor snail bites you but does no damage.
You slash the torpor snail! You freeze the torpor snail.
You kill the torpor snail!
Trog accepts your kill.
You slash the black mamba!
The black mamba seems to slow down.
You freeze the black mamba.
You kill the black mamba!
Trog accepts your kill.
You hit the death yak but do no damage.
You feel yourself speed up.
The death yak gores you but does no damage.
You slice the death yak!! You freeze the death yak.
The death yak is severely wounded.
You hear a bellow!
The death yak gores you!
You slash the death yak! You freeze the death yak.
You kill the death yak!
Trog accepts your kill.
You start resting.
A death yak comes into view.
You feel a strong urge to attack something.
You are no longer berserk.
You are exhausted.
You feel yourself slow down.
The death yak gores you but does no damage.
You see here a +0 long sword.
You hit the death yak. You freeze the death yak.
The death yak is lightly wounded.
The death yak gores you!
You barely miss the death yak.
The death yak is lightly wounded.
You slash the death yak! You freeze the death yak. You slash the death yak!
You freeze the death yak. The death yak gores you! x3
You die...

###......##
##.......#
#........#
#......!##
##.....<##
#........#
##..#%..##
#.%Y#Y...#
#P...#Y@#..##
#....######..#
#Yw.P# #...#


YYY## ##### Y# You could see 3 death yaks.

Vanquished Creatures
  Josephine (D:10)
  A hydra (Lair:1)
  2 catoblepae
  6 death yaks
  Urug (Lair:1)
  Pikel (D:5)
  5 elephants (Lair:2)
  2 torpor snails
  4 black mambas
  4 cane toads
  An unseen horror (D:9)
  3 komodo dragons
  A rime drake (Lair:2)
  2 merfolk (Lair:2)
  A hornet (D:10)
  A troll (D:10)
  7 blink frogs
  Prince Ribbit (Lair:2)
  A shadow (D:10)
  43 yaks
  A wyvern (Lair:3)
  4 wraiths (D:10)
  A basilisk (Lair:2)
  Menkaure (Ossuary)
  An acid dragon (D:10)
  6 water moccasins
  Duvessa (D:7)
  2 orc warriors
  2 ice beasts
  A sky beast (D:8)
  An ogre (D:5)
  9 wolves
  2 centaurs
  4 lemures (D:5)
  A phantom (D:5)
  10 bullfrogs
  2 elf skeletons (D:8)
  3 necrophages
  2 scorpions
  13 wights
  Dowan (D:7)
  4 killer bees (D:9)
  A howler monkey (D:5)
  2 jellies (D:6)
  3 orc priests
  A hound (D:4)
  2 iguanas
  2 human skeletons (D:8)
  5 orc wizards
  3 mummies (Ossuary)
  Robin (D:2)
  3 gnolls (D:3)
  9 adders
  2 shadow imps
  2 white imps
  2 worms
  4 dart slugs
  22 orcs
  11 endoplasms
  3 giant cockroaches
  12 hobgoblins
  4 jackals
  2 kobolds
  4 quokkas
  4 ball pythons
  5 bats
  4 frilled lizards
  6 gnoll skeletons (Ossuary)
  4 gnoll zombies (Ossuary)
  7 goblins
  4 goblin skeletons (Ossuary)
  7 goblin zombies (Ossuary)
  4 hobgoblin skeletons (Ossuary)
  4 hobgoblin zombies (Ossuary)
  3 kobold skeletons (Ossuary)
  3 kobold zombies (Ossuary)
  5 orc skeletons
  4 orc zombies (Ossuary)
  3 rats
  5 rat skeletons (Ossuary)
  3 rat zombies (Ossuary)
335 creatures vanquished.

Vanquished Creatures (collateral kills)
  5 yaks (Lair:1)
  A butterfly (Lair:1)
6 creatures vanquished.

Vanquished Creatures (others)
  11 fungi
  25 plants
36 creatures vanquished.

Grand Total: 377 creatures vanquished

Notes
Turn   | Place    | Note
-------+----------+-------------------------------------------
     0 | D:1      | qw the Gargoyle Berserker began the quest for the Orb.
     0 | D:1      | Reached XP level 1. HP: 14/14 MP: 1/1
     0 | D:1      | 0 ||| qw: Version: 0.1-a-112-g44dc6cd
     0 | D:1      | 0 ||| qw: Game counter: 6739
     0 | D:1      | 0 ||| qw: Always use a shield: true
     0 | D:1      | 0 ||| qw: Do Orc after D:15 true
     0 | D:1      | 0 ||| qw: Do second Lair branch before Depths: true
     0 | D:1      | 0 ||| qw: Lair rune preference: random
     0 | D:1      | 0 ||| qw: Plans: Normal
     0 | D:1      | 0 ||| PLANNING D:1-11
    27 | D:1      | Reached skill level 3 in Axes
   215 | D:1      | 215 ||| Stepping ~*~*~tactically~*~*~ (hiding).
   317 | D:1      | 317 ||| Stepping ~*~*~tactically~*~*~ (hiding).
   419 | D:1      | 419 ||| Stepping ~*~*~tactically~*~*~ (hiding).
   431 | D:1      | Reached XP level 2. HP: 19/19 MP: 2/2
   585 | D:1      | 585 ||| Stepping ~*~*~tactically~*~*~ (hiding).
   586 | D:1      | Found a faded altar of an unknown god.
   803 | D:1      | Reached XP level 3. HP: 16/23 MP: 3/3
   920 | D:1      | 920 ||| SWAPPING to +4 hand axe.
   976 | D:1      | 976 ||| DROPPING +0 hand axe.
  1103 | D:1      | 1103 ||| DROPPING amulet of faith.
  1104 | D:1      | 1104 ||| READING scroll labelled USHRAO KOOLUCH.
  1108 | D:1      | 1108 ||| READING scroll labelled ROR FIARRUST.
  1255 | D:2      | Reached ** piety under Trog
  1259 | D:2      | 1259 ||| Stepping ~*~*~tactically~*~*~ (hiding).
  1261 | D:2      | Reached skill level 4 in Axes
  1264 | D:2      | Noticed Robin
  1267 | D:2      | 1267 ||| INVOKING Berserk.
  1272 | D:2      | Killed Robin
  1368 | D:2      | 1368 ||| Stepping ~*~*~tactically~*~*~ (stealth).
  1375 | D:2      | Reached XP level 4. HP: 28/28 MP: 4/4
  1515 | D:2      | 1515 ||| Stepping ~*~*~tactically~*~*~ (stealth).
  1517 | D:2      | 1517 ||| Stepping ~*~*~tactically~*~*~ (stealth).
  1520 | D:2      | 1520 ||| Stepping ~*~*~tactically~*~*~ (stealth).
  1968 | D:2      | 1968 ||| UPGRADING to +0 cloak.
  1973 | D:2      | 1973 ||| UPGRADING to +0 helmet.
  1978 | D:2      | 1978 ||| UPGRADING to +0 ring mail.
  1988 | D:2      | 1988 ||| DROPPING +0 animal skin.
  1989 | D:2      | 1989 ||| UPGRADING to +1 helmet.
  1999 | D:2      | 1999 ||| DROPPING +0 helmet.
  2000 | D:2      | 2000 ||| READING scroll labelled VEUQ XUDESUABE.
  2001 | D:2      | 2001 ||| READING scroll labelled REVALEIPTU.
  2024 | D:3      | 2024 ||| PLANNING SEWER
  2054 | D:3      | 2054 ||| INVOKING Berserk.
  2071 | D:3      | Reached skill level 5 in Axes
  2213 | D:3      | 2213 ||| SWAPPING to +0 war axe.
  2224 | D:3      | 2224 ||| DROPPING +4 hand axe.
  2285 | D:3      | Reached XP level 5. HP: 28/32 MP: 5/5
  2285 | D:3      | 2285 ||| FLEEEEING.
  2286 | D:3      | 2286 ||| Stepping ~*~*~tactically~*~*~ (stealth).
  2540 | D:3      | Noticed an ice beast
  2545 | D:3      | 2545 ||| INVOKING Berserk.
  2551 | D:3      | Killed an ice beast
  2642 | D:3      | 2642 ||| RIP SEWER
  2656 | D:3      | 2656 ||| PLANNING D:1-11
  2706 | D:3      | 2706 ||| INVOKING Berserk.
  2710 | D:3      | Reached XP level 6. HP: 40/40 MP: 6/6
  2876 | D:3      | 2876 ||| Stepping ~*~*~tactically~*~*~ (stealth).
  2877 | D:3      | 2877 ||| Stepping ~*~*~tactically~*~*~ (stealth).
  2885 | D:3      | 2885 ||| INVOKING Berserk.
  3000 | D:3      | 3000 ||| DROPPING +0 whip.
  3008 | D:3      | 3008 ||| INVOKING Berserk.
  3336 | D:3      | 3336 ||| UPGRADING to +0 chain mail.
  3346 | D:3      | 3346 ||| DROPPING +0 ring mail.
  3347 | D:3      | 3347 ||| UPGRADING to +6 ring of strength.
  3348 | D:3      | 3348 ||| READING 2 scrolls of identify.
  3348 | D:3      | 3348 ||| IDENTIFYING fizzy dark potion
  3349 | D:3      | 3349 ||| DROPPING potion of berserk rage.
  3374 | D:4      | 3374 ||| STAIRDANCE
  3663 | D:4      | Reached skill level 6 in Axes
  3663 | D:4      | Reached XP level 7. HP: 38/44 MP: 7/7
  3760 | D:4      | 3760 ||| Stepping ~*~*~tactically~*~*~ (stealth).
  3762 | D:4      | 3762 ||| Stepping ~*~*~tactically~*~*~ (hiding).
  3763 | D:4      | 3763 ||| Stepping ~*~*~tactically~*~*~ (hiding).
  3764 | D:4      | 3764 ||| Stepping ~*~*~tactically~*~*~ (hiding).
  3766 | D:4      | 3766 ||| Stepping ~*~*~tactically~*~*~ (hiding).
  3767 | D:4      | 3767 ||| Stepping ~*~*~tactically~*~*~ (hiding).
  3910 | D:4      | Found an opulent altar of Gozag.
  4117 | D:4      | Found an ornate altar of the Wu Jian Council.
  4344 | D:4      | 4344 ||| UPGRADING to amulet of regeneration.
  4349 | D:4      | 4349 ||| READING 2 scrolls of identify.
  4349 | D:4      | 4349 ||| IDENTIFYING fizzy cyan potion
  4375 | D:5      | Entered Level 5 of the Dungeon
  4378 | D:5      | 4378 ||| STAIRDANCE
  4435 | D:5      | Reached skill level 3 in Armour
  4469 | D:5      | 4469 ||| Stepping ~*~*~tactically~*~*~ (stealth).
  4550 | D:5      | Reached skill level 7 in Axes
  4591 | D:5      | 4591 ||| INVOKING Berserk.
  4592 | D:5      | 4592 ||| INVOKING Berserk.
  4687 | D:5      | Reached XP level 8. HP: 49/49 MP: 8/8
  4878 | D:5      | Reached skill level 8 in Axes
  5087 | D:5      | Noticed Pikel
  5093 | D:5      | 5093 ||| INVOKING Berserk.
  5107 | D:5      | Killed Pikel
  5108 | D:5      | Reached skill level 6 in Armour
  5383 | D:5      | Found a large runed translucent door.
  5383 | D:5      | Found a large runed translucent door.
  5385 | D:5      | Noticed qw's ghost (novice MiFi)
  5602 | D:5      | Found a runed translucent door.
  5603 | D:5      | Noticed Crazy Yiuf
  5734 | D:5      | Reached *** piety under Trog
  5877 | D:5      | 5877 ||| DROPPING +4 ring mail.
  5878 | D:5      | 5878 ||| READING scroll labelled FODUYRPHETEA.
  5889 | D:5      | 5889 ||| DRINKING 2 bubbling blue potions.
  5890 | D:5      | 5890 ||| DROPPING potion of flight.
  5904 | D:6      | 5904 ||| INVOKING Berserk.
  5923 | D:6      | 5923 ||| FLEEEEING.
  5925 | D:6      | 5925 ||| STAIRDANCE
  6050 | D:6      | 6050 ||| INVOKING Berserk.
  6052 | D:6      | Reached skill level 6 in Fighting
  6052 | D:6      | 6052 ||| STAIRDANCE
  6201 | D:6      | Noticed a yak
  6201 | D:6      | Noticed a yak
  6201 | D:6      | Noticed a yak
  6201 | D:6      | Noticed a yak
  6209 | D:6      | Killed a yak
  6210 | D:6      | Reached XP level 9. HP: 35/55 MP: 9/9
  6211 | D:6      | 6211 ||| INVOKING Berserk.
  6213 | D:6      | HP: 13/82 [yak (8)]
  6216 | D:6      | Reached skill level 9 in Axes
  6223 | D:6      | 6223 ||| Stepping ~*~*~tactically~*~*~ (stealth).
  6268 | D:6      | 6268 ||| Stepping ~*~*~tactically~*~*~ (stealth).
  6312 | D:6      | 6312 ||| INVOKING Berserk.
  6318 | D:6      | Reached skill level 1 in Throwing
  6599 | D:6      | Found a transporter.
  6600 | D:6      | Found a transporter.
  6724 | D:6      | Identified the +11 trident of Syggogh {venom, rPois rF+ rN+
                  | SInv}
  6724 | D:6      | Identified the +3 ring mail of Wasted Space {Harm Rampage
                  | rF++ Int+3}
  6764 | D:6      | 6764 ||| READING scroll labelled GERHAE SEFUO.
  6765 | D:6      | 6765 ||| DRINKING 3 ruby potions.
  6766 | D:6      | 6766 ||| READING 4 scrolls of identify.
  6766 | D:6      | 6766 ||| IDENTIFYING metallic grey potion
  6767 | D:6      | 6767 ||| READING 3 scrolls of identify.
  6767 | D:6      | 6767 ||| IDENTIFYING fizzy clear potion
  6768 | D:6      | 6768 ||| READING 2 scrolls of identify.
  6768 | D:6      | 6768 ||| IDENTIFYING fizzy grey potion
  6769 | D:6      | 6769 ||| DROPPING 2 potions of attraction.
  6844 | D:7      | 6844 ||| Stepping ~*~*~tactically~*~*~ (stealth).
  6849 | D:7      | Found a staircase to the Ecumenical Temple.
  6853 | D:7      | 6853 ||| Stepping ~*~*~tactically~*~*~ (stealth).
  6854 | D:7      | 6854 ||| Stepping ~*~*~tactically~*~*~ (stealth).
  6882 | D:7      | Noticed Dowan
  6883 | D:7      | 6883 ||| INVOKING Berserk.
  6886 | D:7      | Noticed Duvessa
  6897 | D:7      | Killed Duvessa
  6903 | D:7      | Killed Dowan
  7434 | D:7      | 7434 ||| UPGRADING to ring of see invisible.
  7435 | D:7      | 7435 ||| READING scroll labelled SAICVE UKAOSUO.
  7435 | D:7      | Identified a scroll of acquirement
  7435 | D:7      | 7435 ||| ACQUIRING +3 broad axe of flaming
  7435 | D:7      | Acquired a +3 broad axe of flaming
  7437 | D:7      | 7437 ||| SWAPPING to +3 broad axe of flaming.
  7438 | D:7      | 7438 ||| DROPPING +0 flail.
  7439 | D:7      | 7439 ||| DROPPING +0 war axe.
  7440 | D:7      | 7440 ||| DRINKING 2 sedimented emerald potions.
  7441 | D:7      | 7441 ||| DRINKING 3 puce potions.
  7442 | D:7      | 7442 ||| READING 3 scrolls of identify.
  7442 | D:7      | 7442 ||| IDENTIFYING smoky brown potion
  7443 | D:7      | 7443 ||| READING 2 scrolls of identify.
  7443 | D:7      | 7443 ||| IDENTIFYING blue potion
  7444 | D:7      | 7444 ||| DROPPING potion of magic.
  7445 | D:7      | 7445 ||| DROPPING potion of invisibility.
  7470 | D:8      | 7470 ||| PLANNING OSSUARY
  7563 | D:8      | 7563 ||| Stepping ~*~*~tactically~*~*~ (stealth).
  7576 | D:8      | Reached skill level 10 in Axes
  7920 | D:8      | Found a sand-covered staircase.
  7930 | D:8      | 7930 ||| READING scroll labelled KIOTUI LIEZEKK.
  7931 | D:8      | 7931 ||| READING scroll labelled LAC QYICWISEJI.
  7932 | D:8      | 7932 ||| READING scroll labelled COENWI OCEMU.
  7933 | D:8      | 7933 ||| READING 2 scrolls of identify.
  7933 | D:8      | 7933 ||| IDENTIFYING metallic red potion
  7937 | Ossuary  | Entered an ossuary
  7949 | Ossuary  | Reached XP level 10. HP: 64/64 MP: 10/10
  8170 | Ossuary  | 8170 ||| Stepping ~*~*~tactically~*~*~ (stealth).
  8275 | Ossuary  | Reached **** piety under Trog
  8567 | Ossuary  | Noticed Menkaure
  8568 | Ossuary  | 8568 ||| Stepping ~*~*~tactically~*~*~ (stealth).
  8570 | Ossuary  | 8570 ||| Stepping ~*~*~tactically~*~*~ (hiding).
  8578 | Ossuary  | 8578 ||| INVOKING Berserk.
  8581 | Ossuary  | Killed Menkaure
  8741 | Ossuary  | 8741 ||| DRINKING 2 inky potions.
  8742 | Ossuary  | 8742 ||| DROPPING potion of brilliance.
  8747 | D:8      | 8747 ||| PLANNING D:1-11
  8842 | D:8      | 8842 ||| DROPPING +0 whip.
  8885 | D:9      | Found Loxiohih's Distillery.
  8888 | D:9      | 8888 ||| BUYING 2 potions of haste (240 gold).
  8888 | D:9      | Bought 2 potions of haste for 240 gold pieces
  8888 | D:9      | 8888 ||| BUYING potion of curing (36 gold).
  8888 | D:9      | Bought a potion of curing for 36 gold pieces
  8888 | D:9      | 8888 ||| BUYING potion of curing (36 gold).
  8888 | D:9      | Bought a potion of curing for 36 gold pieces
  8888 | D:9      | 8888 ||| BUYING potion of heal wounds (60 gold).
  8888 | D:9      | Bought a potion of heal wounds for 60 gold pieces
  8888 | D:9      | 8888 ||| BUYING potion of might (48 gold).
  8888 | D:9      | Bought a potion of might for 48 gold pieces
  8888 | D:9      | 8888 ||| BUYING potion of might (48 gold).
  8888 | D:9      | Bought a potion of might for 48 gold pieces
  8920 | D:9      | 8920 ||| Stepping ~*~*~tactically~*~*~ (hiding).
  9302 | D:9      | 9302 ||| Stepping ~*~*~tactically~*~*~ (stealth).
  9312 | D:9      | 9312 ||| INVOKING Berserk.
  9426 | D:9      | Noticed an unseen horror
  9449 | D:9      | Killed an unseen horror
  9633 | D:9      | 9633 ||| INVOKING Berserk.
 10167 | D:9      | 10167 ||| UPGRADING to +0 plate armour.
 10177 | D:9      | 10177 ||| DROPPING +0 chain mail.
 10178 | D:9      | 10178 ||| READING 6 scrolls of identify.
 10178 | D:9      | 10178 ||| IDENTIFYING viscous black potion
 10179 | D:9      | 10179 ||| DROPPING potion of degeneration.
 10211 | D:10     | Entered Level 10 of the Dungeon
 10213 | D:10     | Noticed a death yak
 10213 | D:10     | Noticed a death yak
 10216 | D:10     | Noticed a death yak
 10218 | D:10     | 10218 ||| INVOKING Berserk.
 10223 | D:10     | Killed a death yak
 10225 | D:10     | Killed a death yak
 10226 | D:10     | Reached skill level 11 in Axes
 10233 | D:10     | Killed a death yak
 10234 | D:10     | Reached skill level 9 in Fighting
 10237 | D:10     | Reached XP level 11. HP: 65/71 MP: 11/11
 10365 | D:10     | Found a staircase to the Lair.
 10505 | D:10     | Found a broken altar of Ashenzari.
 10525 | D:10     | Reached skill level 12 in Axes
 10535 | D:10     | 10535 ||| INVOKING Berserk.
 10672 | D:10     | 10672 ||| DROPPING +0 morningstar.
 10713 | D:10     | Noticed Josephine
 10714 | D:10     | 10714 ||| Stepping ~*~*~tactically~*~*~ (hiding).
 10715 | D:10     | 10715 ||| Stepping ~*~*~tactically~*~*~ (hiding).
 10728 | D:10     | Killed Josephine
 10754 | D:10     | Reached ***** piety under Trog
 10769 | D:10     | 10769 ||| Stepping ~*~*~tactically~*~*~ (stealth).
 10909 | D:10     | 10909 ||| INVOKING Berserk.
 11098 | D:10     | Found Tairretu's Distillery.
 11120 | D:10     | 11120 ||| BUYING potion of curing (42 gold).
 11120 | D:10     | Bought a potion of curing for 42 gold pieces
 11120 | D:10     | 11120 ||| BUYING potion of curing (42 gold).
 11120 | D:10     | Bought a potion of curing for 42 gold pieces
 11225 | D:10     | 11225 ||| PLANNING LAIR
 11225 | D:10     | 11225 ||| READING scroll labelled TUPLEA ZIRUX.
 11226 | D:10     | 11226 ||| READING scroll labelled ITYEC XUNNOLE.
 11232 | Lair:1   | Entered Level 1 of the Lair of Beasts
 11276 | Lair:1   | Reached skill level 13 in Axes
 11324 | Lair:1   | 11324 ||| INVOKING Berserk.
 11431 | Lair:1   | 11431 ||| Stepping ~*~*~tactically~*~*~ (stealth).
 11432 | Lair:1   | 11432 ||| Stepping ~*~*~tactically~*~*~ (stealth).
 11435 | Lair:1   | 11435 ||| INVOKING Berserk.
 11570 | Lair:1   | Reached skill level 9 in Armour
 11594 | Lair:1   | 11594 ||| Stepping ~*~*~tactically~*~*~ (stealth).
 11596 | Lair:1   | 11596 ||| Stepping ~*~*~tactically~*~*~ (stealth).
 11598 | Lair:1   | 11598 ||| Stepping ~*~*~tactically~*~*~ (stealth).
 11600 | Lair:1   | Noticed a four-headed hydra
 11601 | Lair:1   | 11601 ||| INVOKING Brothers in Arms.
 11603 | Lair:1   | 11603 ||| SWAPPING to +5 morningstar.
 11605 | Lair:1   | 11605 ||| INVOKING Berserk.
 11610 | Lair:1   | Killed a four-headed hydra
 11615 | Lair:1   | Reached XP level 12. HP: 65/77 MP: 12/12
 11639 | Lair:1   | 11639 ||| SWAPPING to +3 broad axe of freezing.
 11794 | Lair:1   | Noticed Urug
 11803 | Lair:1   | 11803 ||| INVOKING Berserk.
 11810 | Lair:1   | Killed Urug
 11984 | Lair:1   | 11984 ||| INVOKING Berserk.
 12135 | Lair:1   | Reached skill level 3 in Throwing
 12168 | Lair:1   | 12168 ||| INVOKING Berserk.
 12463 | Lair:1   | 12463 ||| Stepping ~*~*~tactically~*~*~ (stealth).
 12464 | Lair:1   | 12464 ||| Stepping ~*~*~tactically~*~*~ (stealth).
 12472 | Lair:1   | 12472 ||| Stepping ~*~*~tactically~*~*~ (stealth).
 12480 | Lair:1   | Reached skill level 14 in Axes
 12848 | Lair:1   | 12848 ||| UPGRADING to +4 ring of slaying {mikee}.
 13021 | Lair:2   | 13021 ||| FLEEEEING.
 13024 | Lair:2   | 13024 ||| FLEEEEING.
 13026 | Lair:2   | 13026 ||| STAIRDANCE
 13034 | Lair:1   | 13034 ||| READING scroll labelled JOHUNG KYDGH.
 13037 | Lair:2   | 13037 ||| STAIRDANCE
 13043 | Lair:2   | 13043 ||| STAIRDANCE
 13053 | Lair:2   | 13053 ||| STAIRDANCE
 13070 | Lair:2   | 13070 ||| INVOKING Berserk.
 13078 | Lair:2   | 13078 ||| STAIRDANCE
 13236 | Lair:2   | Noticed Prince Ribbit
 13237 | Lair:2   | 13237 ||| Stepping ~*~*~tactically~*~*~ (stealth).
 13238 | Lair:2   | 13238 ||| Stepping ~*~*~tactically~*~*~ (stealth).
 13240 | Lair:2   | 13240 ||| Stepping ~*~*~tactically~*~*~ (stealth).
 13244 | Lair:2   | Killed Prince Ribbit
 13245 | Lair:2   | 13245 ||| INVOKING Berserk.
 13399 | Lair:2   | 13399 ||| READING scroll of enchant armour.
 13399 | Lair:2   | 13399 ||| ENCHANTING +1 helmet.
 13562 | Lair:2   | Identified the +2 robe of Utom {rPois SInv}
 13584 | Lair:2   | 13584 ||| INVOKING Berserk.
 13716 | Lair:2   | Noticed a catoblepas
 13719 | Lair:2   | 13719 ||| INVOKING Berserk.
 13722 | Lair:2   | Killed a catoblepas
 13983 | Lair:2   | Found a staircase to the Shoals.
 14237 | Lair:2   | 14237 ||| DRINKING 2 viscous sapphire potions.
 14338 | Lair:2   | 14338 ||| DROPPING potion of ambrosia.
 14370 | Lair:3   | Found a staircase to the Snake Pit.
 14457 | Lair:3   | Reached skill level 15 in Axes
 14461 | Lair:3   | Reached XP level 13. HP: 84/84 MP: 13/13
 14537 | Lair:3   | 14537 ||| Stepping ~*~*~tactically~*~*~ (stealth).
 14616 | Lair:3   | 14616 ||| INVOKING Berserk.
 14936 | Lair:3   | 14936 ||| Stepping ~*~*~tactically~*~*~ (stealth).
 14942 | Lair:3   | Reached skill level 12 in Fighting
 14946 | Lair:3   | 14946 ||| Stepping ~*~*~tactically~*~*~ (stealth).
 14952 | Lair:3   | 14952 ||| FLEEEEING.
 14953 | Lair:3   | 14953 ||| INVOKING Brothers in Arms.
 14954 | Lair:3   | 14954 ||| INVOKING Brothers in Arms.
 14955 | Lair:3   | 14955 ||| INVOKING Brothers in Arms.
 14956 | Lair:3   | 14956 ||| Stepping ~*~*~tactically~*~*~ (stealth).
 14957 | Lair:3   | 14957 ||| INVOKING Brothers in Arms.
 14958 | Lair:3   | 14958 ||| INVOKING Berserk.
 14971 | Lair:3   | HP: 20/86 [death yak (17)]
 14971 | Lair:3   | Slain by a death yak

Levels and vault maps discovered:
D:1:      amcnicky_arrival_flooded_fountain, layout_rooms,
          ebering_ecumenical_altar_box
D:2:      layout_basic, uniq_robin
D:3:      layout_basic, portal_sewer_entry_d, minivault_26, bh_walls_and_bars
D:4:      layout_cave_pods, mainiacjoe_overflow_brackets,
          nzn_wu_jian_contemplation
D:5:      layout_layer_cave, ebering_ghost_disaster_area, wad_woods_river_04,
          minmay_fractal_squares_gapless_5, uniq_pikel, uniq_crazy_yiuf_cottage
D:6:      layout_cave_pools, gammafunk_ghost_gnarly_gnolls
D:7:      layout_basic, minmay_temple_entry_grid, uniq_duvessa
D:8:      layout_basic, nicolae_ossuary_entry_catacombs
D:9:      layout_stronghold, serial_shops, nicolae_stop_n_shop_2
D:10:     layout_irregular_city, evilmike_ruin_ashenzari, dpeg_lair_monsters,
          serial_shops, shop, uniq_josephine
Lair:1:   layout_cave_pods, serial_bayou_pond_d, serial_bayou_shore_b,
          lemuel_fruit_fields, grunt_megastairs_5, lemuel_fruit_tree, uniq_urug
Lair:2:   layout_long_grid, elwin_shoals_entry_rooms, minmay_lair_oklob_items,
          uniq_prince_ribbit2
Lair:3:   layout_cave_pods, dummy_snake_entry

Skill      XL: |  1  2  3  4  5  6  7  8  9 10 11 12 13 |
---------------+----------------------------------------+-----
Axes           | 3 4 5 6 7 8 10 11 13 15 | 15.4
Fighting       | 4 5 6 7 9 10 11 12 | 12.0
Armour         | 3 6 8 9 10 | 10.0
Throwing       | 1 4 5 |  5.0
Dodging        | 2 |  2.4

Action                   |  1- 3 |  4- 6 |  7- 9 | 10-12 | 13-15 || total
-------------------------+-------+-------+-------+-------+-------++-------
Melee: Hand axe          |    72 |    36 |       |       |       ||   108
       Punch             |     1 |       |     2 |     2 |       ||     5
       War axe           |       |    83 |   238 |       |       ||   321
       Broad axe         |       |       |    35 |   368 |    76 ||   479
       Morningstar       |       |       |       |    11 |       ||    11
Throw: Boomerang         |       |       |    25 |    24 |       ||    49
       Javelin           |       |       |       |    39 |    13 ||    52
Invok: Berserk           |     1 |     5 |     7 |    16 |     2 ||    31
       Brothers in Arms  |       |       |       |     1 |     1 ||     2
  Use: Scroll            |     2 |     3 |    13 |     5 |       ||    23
       Potion            |       |       |     4 |     2 |       ||     6
 Stab: Petrified         |       |       |       |       |     1 ||     1
Armor: Animal skin       |    16 |     3 |       |       |       ||    19
       Ring mail         |       |    20 |       |       |       ||    20
       Chain mail        |       |    21 |   149 |    58 |       ||   228
       Plate armour      |       |       |       |   165 |    44 ||   209
Dodge: Dodged            |    42 |    59 |   113 |   115 |    30 ||   359

Table legend:
 A = Non-vault XP
 B = Vault XP
 C = Vault XP percentage of total XP
 D = Non-vault monster count
 E = Vault monster count
 F = Vault count percentage of total count
                 A         B        C        D         E       F
            +---------+---------+-------+---------+---------+-------
      Total |   30796 |    9626 |  23.8 |     237 |      99 |  29.5
            +---------+---------+-------+---------+---------+-------
        D:1 |      44 |       0 |   0.0 |      22 |       0 |   0.0
        D:2 |      27 |      28 |  50.9 |      15 |       8 |  34.8
        D:3 |     335 |      13 |   3.7 |      25 |       1 |   3.8
        D:4 |     224 |       0 |   0.0 |      16 |       0 |   0.0
        D:5 |     748 |     703 |  48.4 |      13 |       4 |  23.5
        D:6 |    1282 |       0 |   0.0 |      18 |       0 |   0.0
        D:7 |     255 |     218 |  46.1 |       8 |       2 |  20.0
        D:8 |     602 |     247 |  29.1 |       9 |       6 |  40.0
        D:9 |    1264 |       0 |   0.0 |      15 |       0 |   0.0
       D:10 |    3505 |    5206 |  59.8 |      19 |      13 |  40.6
     Lair:1 |    7265 |    1241 |  14.6 |      28 |       5 |  15.2
     Lair:2 |    6363 |    1683 |  20.9 |      17 |       6 |  26.1
     Lair:3 |    8882 |       0 |   0.0 |      32 |       0 |   0.0
    Ossuary |       0 |     287 | 100.0 |       0 |      54 | 100.0
            +---------+---------+-------+---------+---------+-------
